 Dungeon Crawl Stone Soup version 0.31-a0-233-g139696dc86 (webtiles) character file.

Game seed: 2359598730211821352

282 qw the Shooter (level 6, -1/51 HPs)
             Began as a Minotaur Hexslinger on July 7, 2023.
             Killed from afar by a steam dragon (14 damage)
             ... with a ball of steam
             ... on level 4 of the Dungeon.
             The game lasted 00:01:07 (2541 turns).

qw the Shooter (Minotaur Hexslinger)                Turns: 2541, Time: 00:01:07

Health: -1/51      AC:  6    Str: 13    XL:     6   Next: 6%
Magic:  6/6        EV: 11    Int: 10    God:
Gold:   154        SH:  0    Dex: 14    Spells: 6/7 levels left

rFire   . . .        Y - +1 sling (chaos)
rCold   . . .        (no shield)
rNeg    . . .        m - +0 ring mail
rPois   .            (helmet restricted)
rElec   .            (no cloak)
rCorr   .            c - +0 pair of gloves
SInv    +            (no boots)
Will    .....        n - amulet of regeneration
Stlth   +            h - ring of see invisible
HPRegen 1.08/turn    (no ring)
MPRegen 0.10/turn

%: no passive effects
@: about to teleport
A: horns 2, retaliatory headbutt
a: no special abilities


You were on level 4 of the Dungeon.
You visited 1 branch of the dungeon, and saw 4 of its levels.

You collected 154 gold pieces.


Innate Abilities, Weirdness & Mutations

You have a pair of horns on your head.
You reflexively headbutt those who attack you in melee.


   Skills:
 + Level 3.2 Fighting
 - Level 6.3 Ranged Weapons
 - Level 1.0 Armour
 - Level 2.1 Dodging
 - Level 1.0 Spellcasting
 - Level 2.0 Hexes


You had 6 spell levels left.
You knew the following spells:

 Your Spells              Type           Power      Damage    Failure   Level
a - Slow                  Hex            16%        N/A       32%         1

Your spell library contained the following spells:

 Spells                   Type           Power      Damage    Failure   Level
 Inner Flame              Hex/Fire       2%         N/A       82%         3
 Portal Projectile        Hex/Tloc       4%         N/A       82%         3
 Cause Fear               Hex            2%         N/A       97%         4

Inventory:

Hand Weapons
 Y - a +1 sling of chaos (weapon)
Armour
 c - a +0 pair of gloves (worn)
 m - a +0 ring mail (worn)
Jewellery
 h - a ring of see invisible (left hand)
 n - an amulet of regeneration (around neck)
Scrolls
 b - a scroll of identify
Potions
 f - 2 potions of curing
 i - a potion of cancellation
 j - a potion of heal wounds
 k - a potion of degeneration {unknown}
 o - a potion of invisibility {unknown}

Dungeon Overview and Level Annotations

Branches:
Dungeon (4/15)
 Temple: D:4-7

Altars:
The Shining One


Message History

The steam dragon is heavily wounded.
You are engulfed in a cloud of scalding steam.
The steam dragon breathes steam at you. The ball of steam hits you!!
2535 ||| Stepping ~*~*~tactically~*~*~ (cloud).
You shoot a sling bullet.
The sling bullet hits the steam dragon but does no damage.
The steam dragon is heavily wounded.
You are engulfed in a cloud of scalding steam.
Found a ring mail.
You shoot a sling bullet. The sling bullet hits the steam dragon.
The steam dragon suddenly seems more agile.
The steam dragon is severely wounded.
You are engulfed in a cloud of scalding steam.
The steam dragon bites you but does no damage.
The steam dragon claws you but does no damage.
You shoot a sling bullet. The sling bullet hits the steam dragon.
The steam dragon is severely wounded.
The steam dragon barely misses you. You furiously retaliate!
You headbutt the steam dragon. The steam dragon claws you.
You shoot a sling bullet.
The sling bullet barely misses the steam dragon.
The steam dragon bites you.
The steam dragon claws you but does no damage.
You shoot a sling bullet.
The sling bullet hits the steam dragon but does no damage.
Nothing appears to happen.
The steam dragon is almost dead.
The steam dragon closely misses you. You furiously retaliate!
You headbutt the steam dragon, but do no damage.
The steam dragon misses you.
A phantom comes into view.
The steam dragon bites you!
The steam dragon claws you but does no damage.
2541 ||| READING scroll of teleportation.
As you read the scroll of teleportation, it crumbles to dust.
You feel strangely unstable. The steam dragon breathes steam at you.
The ball of steam hits you!
You die...

..... .... [... ...
#.# ..... ##W##
..... .... #...#
..... .....
#.D####).# .....
#..@.....# #....#
#..)....## #.....
##.......# #..#....
#.......####.##....
##.#....#.....#...)
###............#..
###.............
##............
#............


You could see a steam dragon (agile, catching breath) and a phantom.

Vanquished Creatures
  A black bear (D:4)
  3 orc priests (D:3)
  An adder (D:2)
  3 dart slugs
  4 worms
  6 orcs
  2 bats
  10 endoplasms
  5 giant cockroaches
  4 goblins
  10 hobgoblins
  2 jackals (D:2)
  4 quokkas
  6 ball pythons
  A frilled lizard (D:1)
  5 kobolds
  3 rats
70 creatures vanquished.

Notes
Turn   | Place    | Note
-------+----------+-------------------------------------------
     0 | D:1      | qw the Minotaur Hexslinger began the quest for the Orb.
     0 | D:1      | Reached XP level 1. HP: 16/16 MP: 1/1
     0 | D:1      | 0 ||| qw: Version: 0.3-a-46-gb1f654a
     0 | D:1      | 0 ||| qw: Game counter: 3051
     0 | D:1      | 0 ||| qw: Melee chars always use a shield: true
     0 | D:1      | 0 ||| qw: God list: Okawaru
     0 | D:1      | 0 ||| qw: Allow faded altars: false
     0 | D:1      | 0 ||| qw: Do Orc after clearing Dungeon:15 true
     0 | D:1      | 0 ||| qw: Do second Lair branch before Depths: true
     0 | D:1      | 0 ||| qw: Lair rune preference: random
     0 | D:1      | 0 ||| qw: Goals: Normal
     0 | D:1      | 0 ||| PLANNING D:1-11
   150 | D:1      | Reached skill level 3 in Ranged Weapons
   150 | D:1      | Reached XP level 2. HP: 23/23 MP: 2/2
   601 | D:1      | 601 ||| UPGRADING to +0 ring mail.
   611 | D:1      | 611 ||| DROPPING +0 robe.
   612 | D:1      | 612 ||| UPGRADING to amulet of guardian spirit.
   617 | D:1      | 617 ||| DROPPING ring of wizardry.
   618 | D:1      | 618 ||| UPGRADING to ring of see invisible.
   619 | D:1      | 619 ||| READING scroll labelled DOTIOC WYAGHA.
   657 | D:1      | 657 ||| READING scroll labelled YSOTU KOUBUTZ.
   662 | D:1      | 662 ||| READING scroll labelled ISAEDI MUW MAE.
   663 | D:1      | 663 ||| DRINKING 3 green potions.
   664 | D:1      | 664 ||| DROPPING scroll of poison.
   778 | D:2      | Reached XP level 3. HP: 26/29 MP: 3/3
   934 | D:2      | Reached skill level 4 in Ranged Weapons
  1275 | D:2      | Found a glowing golden altar of the Shining One.
  1282 | D:2      | Reached skill level 1 in Armour
  1610 | D:2      | 1610 ||| UPGRADING to +0 pair of gloves.
  1615 | D:2      | 1615 ||| UPGRADING to amulet of regeneration.
  1625 | D:2      | 1625 ||| DROPPING amulet of guardian spirit.
  1626 | D:2      | 1626 ||| READING scroll labelled NOAHYRH IJOE.
  1627 | D:2      | 1627 ||| READING 3 scrolls labelled MOTANGOULA.
  1628 | D:2      | 1628 ||| READING scroll labelled POUT MELENGO.
  1629 | D:2      | 1629 ||| READING scroll labelled OSIZXIRUIM.
  1630 | D:2      | 1630 ||| READING scroll labelled GIPHOCRA TOTO.
  1631 | D:2      | 1631 ||| READING scroll labelled BANIWOSUTU.
  1632 | D:2      | 1632 ||| READING 2 scrolls of identify.
  1632 | D:2      | 1632 ||| IDENTIFYING lumpy white potion
  1679 | D:3      | Reached XP level 4. HP: 17/36 MP: 4/4
  1711 | D:3      | Reached skill level 5 in Ranged Weapons
  1881 | D:3      | Reached XP level 5. HP: 41/41 MP: 5/5
  1920 | D:3      | Reached skill level 3 in Fighting
  2425 | D:3      | 2425 ||| READING 2 scrolls of identify.
  2425 | D:3      | 2425 ||| IDENTIFYING clear potion
  2471 | D:4      | Noticed a black bear
  2474 | D:4      | Killed a black bear
  2475 | D:4      | Reached skill level 6 in Ranged Weapons
  2475 | D:4      | Reached XP level 6. HP: 51/51 MP: 6/6
  2529 | D:4      | Noticed a steam dragon
  2532 | D:4      | 2532 ||| Stepping ~*~*~tactically~*~*~ (cloud).
  2535 | D:4      | 2535 ||| Stepping ~*~*~tactically~*~*~ (cloud).
  2540 | D:4      | HP: 12/51 [steam dragon (7)]
  2541 | D:4      | 2541 ||| READING scroll of teleportation.
  2541 | D:4      | Killed from afar by a steam dragon

Levels and vault maps discovered:
D:1:      giann_bridges, layout_loops_ring
D:2:      layout_basic, basic_altar
D:3:      cheibrodos_old_hovel, layout_loops_ring, serial_forest,
          infiniplex_forest_clump_double, infiniplex_forest_clump_medium,
          infiniplex_forest_lined_corner, infiniplex_forest_lined_room_3,
          infiniplex_forest_clump_small, infiniplex_forest_straight_2
D:4:      layout_cave_pools, minmay_temple_entry_hall

Skill      XL: |  1  2  3  4  5 |
---------------+----------------+-----
Ranged Weapons | 3 4 5 6 |  6.3
Fighting       | 2 3 |  3.2
Armour         | 1 |  1.0
Dodging        | |  2.1
Spellcasting   | |  1.0
Hexes          | |  2.0

Action                     |  1- 3 |  4- 6 || total
---------------------------+-------+-------++-------
   Fire: Sling             |   158 |    91 ||   249
    Use: Scroll            |    10 |     2 ||    12
         Potion            |     1 |       ||     1
 Armour: Robe              |     6 |       ||     6
         Ring mail         |    12 |    12 ||    24
  Dodge: Dodged            |    37 |    19 ||    56

Table legend:
 A = Non-vault XP
 B = Vault XP
 C = Vault XP percentage of total XP
 D = Non-vault monster count
 E = Vault monster count
 F = Vault count percentage of total count
                 A         B        C        D         E       F
            +---------+---------+-------+---------+---------+-------
      Total |     403 |       1 |   0.2 |      69 |       1 |   1.4
            +---------+---------+-------+---------+---------+-------
        D:1 |      35 |       0 |   0.0 |      19 |       0 |   0.0
        D:2 |      55 |       0 |   0.0 |      22 |       0 |   0.0
        D:3 |     174 |       1 |   0.6 |      21 |       1 |   4.5
        D:4 |     139 |       0 |   0.0 |       7 |       0 |   0.0
            +---------+---------+-------+---------+---------+-------
